[Event "RLP-ch Rapid 2024"]
[Site "Landau"]
[Date "2024.05.04"]
[Round "7.4"]
[White "Lebzak, Jaroslav"]
[Black "Hinrichs, Paul"]
[Result "1-0"]
[ECO "C58"]
[WhiteElo "2141"]
[BlackElo "2255"]
[Annotator "NA RC"]
[PlyCount "129"]
[EventDate "2024.05.03"]
[EventType "swiss"]
[EventCountry "GER"]
[SourceTitle "playchess.com"]
[Source "ChessBase"]
[SourceQuality "1"]
[TimeControl "900+5"]

1. e4 e5 2. Nf3 Nc6 3. Bc4 Nf6 4. Ng5 d5 5. exd5 Na5 6. Bb5+ c6 7. dxc6 bxc6 8. Bd3 Nd5 9. Nf3 Bd6 10. O-O O-O 11. Re1 Re8 12. Nc3 f5 13. Nxd5 cxd5 14. Bb5 Bd7 15. Bxd7 Qxd7 16. d4 e4 17. Ne5 Bxe5 18. dxe5 Rxe5 19. Bf4 Re6 20. b3 d4 21. Qd2 Nc6 22. Rad1 h6 23. h4 Qe7 24. h5 Qh4 25. b4 Rd8 26. b5 Ne7 27. Qa5 Rd7 28. Bg3 Qxh5 29. Qa4 Ng6 30. Qc4 Rde7 31. Rxd4 Kh7 32. Rd5 Qg4 33. Qe2 Qg5 34. c4 Qf6 35. Bb8 Rb7 36. Bh2 f4 37. Qg4 Rf7 38. c5 Ne5 39. Qh3 Nd3 40. Rxd3 exd3 41. Qxe6 Qxe6 42. Rxe6 d2 43. Rd6 Re7 44. Bxf4 Re1+ 45. Kh2 d1=Q 46. Rxd1 Rxd1 47. b6 axb6 48. cxb6 Rb1 49. Bc7 Kg6 50. a4 Kf7 51. a5 Ke6 52. a6 Kd7 53. a7 Ra1 54. b7 Rxa7 55. b8=Q Rxc7 56. Qf8 Ke6 57. Kg3 Rf7 58. Qe8+ Kf6 59. f4 Re7 60. Qc6+ Kf7 61. Kg4 Kg8 62. Kf5 Rf7+ 63. Kg6 Rf8 64. Qe6+ Kh8 65. Qe7 1-0

[Event "RLP-ch Rapid 2024"]
[Site "Landau"]
[Date "2024.05.04"]
[Round "7.5"]
[White "Sidletskyi, Ivan"]
[Black "Frischmann, Rick"]
[Result "0-1"]
[ECO "B01"]
[WhiteElo "2346"]
[BlackElo "2355"]
[Annotator "TA"]
[PlyCount "68"]
[EventDate "2024.05.03"]
[EventType "swiss"]
[EventCountry "GER"]
[SourceTitle "playchess.com"]
[Source "ChessBase"]
[SourceQuality "1"]
[TimeControl "900+5"]

1. e4 d5 2. exd5 Qxd5 3. Nc3 Qd6 4. d4 Nf6 5. Nge2 Be6 6. Qd3 Nc6 7. Bf4 Qd7 8. O-O-O {[%emt 0:01:03] The position is equal.} O-O-O (8... Nb4 {is interesting.} 9. Qf3 O-O-O 10. a3 Bg4) 9. a3 (9. Qb5 {looks sharper.} Kb8 10. Qa4 a6 11. d5) 9... g6 10. Bg3 Bg7 11. Na4 {[%emt 0:05:44] [#]} Nb4 $1 12. Nb6+ (12. axb4 Qxa4) 12... axb6 13. axb4 Nd5 (13... Qa4 $17 14. Qa3 Qxa3 15. bxa3 h5) 14. Qa3 $11 Qc6 15. Qb3 $2 {[%emt 0:01:49][%mdl 8192] [#] White does not recover from this.} (15. Nc3 $11 {and White is okay.} Nxc3 16. bxc3) 15... Bh6+ $1 $19 16. Kb1 {[%emt 0:00:07] [#]} Ne3 $1 17. d5 (17. Qxe3 Bxe3) 17... Bxd5 18. Rxd5 Nxd5 19. Nd4 Qf6 20. c3 e5 21. Nb5 c6 22. Na3 Qf5+ 23. Ka2 b5 24. c4 bxc4 25. Bxc4 Bd2 26. Nc2 (26. b5 {was called for.} Bf4 27. Rd1 Bxg3 28. bxc6 bxc6 (28... Bxf2 29. Qxb7#) (28... Nc3+ 29. Qxc3 Rxd1 30. cxb7+ Kb8 31. Qa5 $11) 29. hxg3) 26... Kc7 27. Bd3 Ra8+ ({Worse is} 27... Nc3+ 28. Qxc3 (28. bxc3 $2 Rxd3 29. Kb1 Rhd8 $19) 28... Bxc3 (28... Rxd3 $2 29. Qxe5+ Kd7 30. Qxh8 $18) 29. Bxf5 gxf5 30. bxc3 $14) 28. Kb1 Qe6 29. Bc4 Rhd8 {[%emt 0:00:17] ...b5 is the strong threat.} 30. b5 Bf4 31. Re1 {[%emt 0:00:23] Black must now prevent Bxf4.} Qd6 (31... Bxg3 32. Qxg3 Qd6 33. Rxe5 $11) 32. Bxf4 Nxf4 ({Much less strong is} 32... exf4 33. bxc6 bxc6 34. Qf3 $19) 33. b6+ Kb8 {[%emt 0:00:02][%cal Od6d1] ( -> ...Qd1+!)} 34. Bxf7 {[%emt 0:00:07] [#]} (34. Ne3 $19) 34... Qd1+ $3 {[%emt 0:00:02][%mdl 512] Weighted Error Value: White=0.75/Black=0.33.  Loses game:     	White=1     	---        Mistake:       	White=2     	Black=1      Inaccurate:     	White=3     	Black=3      OK:         	White=10    	Black=12     Best:        	White=1     	---        Strong:       	---       	Black=1      Brilliant:      	---       	Black=2} 0-1

[Event "RLP-ch Rapid 2024"]
[Site "Landau"]
[Date "2024.05.04"]
[Round "7.6"]
[White "Yakovenko, Oleg"]
[Black "Lang, Torsten"]
[Result "1/2-1/2"]
[ECO "A84"]
[WhiteElo "2281"]
[BlackElo "2299"]
[Annotator "NA RC"]
[PlyCount "100"]
[EventDate "2024.05.03"]
[EventType "swiss"]
[EventCountry "GER"]
[SourceTitle "playchess.com"]
[Source "ChessBase"]
[SourceQuality "1"]
[TimeControl "900+5"]

1. Nf3 d5 2. d4 e6 3. c4 c6 4. e3 f5 5. Be2 Nf6 6. O-O Bd6 7. b3 Qe7 8. a4 O-O 9. Ba3 Bxa3 10. Nxa3 a5 11. Nc2 Ne4 12. Nce1 Bd7 13. Nd3 Be8 14. Nfe5 Nd7 15. Nxd7 Bxd7 16. Qc2 Be8 17. Rfb1 g5 18. c5 f4 19. exf4 gxf4 20. Ne5 Qg7 21. b4 Bg6 22. Bd3 Bf5 23. f3 Ng5 24. Bxf5 Rxf5 25. Qe2 Nf7 26. bxa5 Nxe5 27. dxe5 Rxa5 28. Rb4 Rxc5 29. Rab1 Rf7 30. Qf2 Rc3 31. h4 Qxe5 32. Rxb7 Rxb7 33. Rxb7 Rc1+ 34. Kh2 Qa1 35. g3 Qxa4 36. Rb8+ Kf7 37. Rb7+ Kg6 38. h5+ Kh6 39. Rb2 Qd1 40. Qg2 Qe1 41. Re2 fxg3+ 42. Kh3 Qh1+ 43. Qxh1 Rxh1+ 44. Kxg3 Rc1 45. Kg4 Rc4+ 46. f4 Re4 47. Rc2 e5 48. Rxc6+ Kg7 49. h6+ Kf7 50. Kf5 Rxf4+ 1/2-1/2

[Event "RLP-ch Rapid 2024"]
[Site "Landau"]
[Date "2024.05.04"]
[Round "7.7"]
[White "Louis, Volker"]
[Black "Bruch, Jochen"]
[Result "1/2-1/2"]
[ECO "B54"]
[WhiteElo "2022"]
[BlackElo "2181"]
[Annotator "NA RC"]
[PlyCount "44"]
[EventDate "2024.05.03"]
[EventType "swiss"]
[EventCountry "GER"]
[SourceTitle "playchess.com"]
[Source "ChessBase"]
[SourceQuality "1"]
[TimeControl "900+5"]

1. d4 Nf6 2. c4 c5 3. Nf3 cxd4 4. Nxd4 e6 5. Nc3 a6 6. e4 d6 7. Be2 Be7 8. O-O O-O 9. Be3 Bd7 10. Qd2 Nc6 11. Rfd1 Rc8 12. f3 Qc7 13. Bf1 Rfd8 14. Qf2 Qb8 15. Rac1 Be8 16. b3 Nxd4 17. Bxd4 b5 18. cxb5 axb5 19. Bb6 Rd7 20. a4 b4 21. Nb5 Rxc1 22. Rxc1 d5 1/2-1/2

[Event "RLP-ch Rapid 2024"]
[Site "Landau"]
[Date "2024.05.04"]
[Round "7.8"]
[White "Esswein, Karlheinz"]
[Black "Bender, Tim"]
[Result "0-1"]
[ECO "E60"]
[WhiteElo "2022"]
[BlackElo "1850"]
[Annotator "NA"]
[PlyCount "85"]
[EventDate "2024.05.03"]
[EventType "swiss"]
[EventCountry "GER"]
[SourceTitle "playchess.com"]
[Source "ChessBase"]
[SourceQuality "1"]
[TimeControl "900+5"]

1. Nf3 Nf6 2. b3 g6 3. Bb2 Bg7 4. c4 O-O 5. e3 d6 6. d4 c5 7. d5 e6 8. Be2 exd5 9. cxd5 a6 10. a4 Bf5 11. Nc3 Nbd7 12. O-O b5 13. axb5 axb5 14. Rxa8 Qxa8 15. Bxb5 Nb6 16. Bc6 Qb8 17. Qd2 Bd7 18. e4 Bxc6 19. dxc6 Rc8 20. Re1 Rxc6 21. Nd5 Nbxd5 22. exd5 Rb6 23. Bxf6 Bxf6 24. Qf4 Kg7 25. h4 Rb4 26. Qd2 Rxb3 27. h5 Bc3 28. h6+ Kf8 29. Qf4 Bxe1 30. Ng5 f5 31. Nxh7+ Kf7 32. Ng5+ Kf6 33. h7 Bxf2+ 34. Kxf2 Rb1 35. Ne4+ Kg7 36. Nxd6 Qb2+ 37. Kg3 Qc3+ 38. Kh2 Qd4 39. h8=Q+ Kxh8 40. Qh6+ Kg8 41. Qxg6+ Qg7 42. Qe8+ Kh7 43. Nxf5 0-1

[Event "RLP-ch Rapid 2024"]
[Site "Landau"]
[Date "2024.05.04"]
[Round "7.9"]
[White "Anissimova, Mariya"]
[Black "Orschiedt-Eghbali, Anke"]
[Result "1/2-1/2"]
[ECO "B22"]
[WhiteElo "1850"]
[BlackElo "1761"]
[Annotator "NA RC"]
[PlyCount "63"]
[EventDate "2024.05.03"]
[EventType "swiss"]
[EventCountry "GER"]
[SourceTitle "playchess.com"]
[Source "ChessBase"]
[SourceQuality "1"]
[TimeControl "900+5"]

1. e4 g6 2. d4 c6 3. c4 d5 4. cxd5 cxd5 5. e5 Nc6 6. Nc3 h5 7. Be3 Nh6 8. Bd3 Bf5 9. Nge2 Bxd3 10. Qxd3 e6 11. O-O Nf5 12. Rac1 Nxe3 13. fxe3 Bh6 14. Nf4 Qg5 15. Nb5 O-O 16. Rf3 Qf5 17. Qxf5 gxf5 18. Nxh5 Kh7 19. Nf6+ Kh8 20. Nd6 Nxd4 21. Rh3 Ne2+ 22. Kf2 Nxc1 23. Rxh6+ Kg7 24. Rh7+ Kg6 25. Rh3 Nd3+ 26. Ke2 Nxe5 27. Nh5 Rh8 28. Nf4+ Kf6 29. Rg3 Rxh2 30. b3 b6 31. Nb5 Rc8 32. Nd4 1/2-1/2